AoeStats
← AiKoBAiE

Arabia

510266804Analyzed
1v1 RM · 2d ago on Sep 30, 2026· 28m 32s· 2 players
Game mode
Random Map
Map size
Tiny (2 player)
Population
200
Speed
Normal
Resources
Standard
Victory
Conquest
Starting age
Dark Age
Ending age
Imperial Age
RankedLock teamsTeams togetherTeam positionsShared explorationLock speedFull tech treeHidden civsTurbo modeCheats
Victory
Defeat
🇫🇷 Mongols · France
1222
+38
🇺🇸 Cumans · United States
1197
-15
AiKoBAiE
7:35 Loom
9:32 Feudal Age
18:20 Double-Bit Axe
21:59 Fletching
23:00 Padded Archer Armor
29:39 Castle Age
30:57 Castle Age
Balgrudor
5:47 Loom
9:00 Feudal Age
9:50 Double-Bit Axe
9:44 Man-at-Arms
13:41 Fletching
17:20 Padded Archer Armor
20:03 Wheelbarrow
22:32 Castle Age
20:46 Gold Mining
20:36 Horse Collar
21:21 Arson
23:50 Bow Saw
23:15 Crossbowman
23:51 Bodkin Arrow
24:40 Heavy Plow
26:56 Hand Cart
28:48 Thumb Ring
29:00 Leather Archer Armor
Connection lost

Rejoining the realm…

Still unreachable

The connection could not be restored.

Session expired

The server has moved on; the page needs a fresh start.